 Dungeon Crawl Stone Soup version 0.27-a0-577-ge2a43ba0c9 (webtiles) character file.

Game seed: 130097364634694031

475 jasper the Sneak (level 6, -1/25 HPs)
             Began as a Spriggan Enchanter on Mar 9, 2021.
             Was a Believer of Ru.
             Killed from afar by a white imp (9 damage)
             ... with a puff of frost
             ... on level 5 of the Dungeon.
             The game lasted 00:06:15 (4392 turns).

jasper the Sneak (Spriggan Enchanter)               Turns: 4392, Time: 00:06:15

Health: -1/25      AC:  2    Str:  4    XL:     6   Next: 84%
Magic:  11/11      EV: 18    Int: 19    God:    Ru [**....]
Gold:   173        SH:  0    Dex: 15    Spells: 8/11 levels left

rFire    . . .     SeeInvis +   p - +1 dagger (holy)
rCold    . . .     Faith    .   (shield restricted)
rNeg     + + .     Spirit   .   b - +0 robe
rPois    .         Reflect  .   (helmet restricted)
rElec    .         Harm     .   (no cloak)
rCorr    .         Rampage  .   (gloves unavailable)
Will     +....                  (boots unavailable)
Stlth    ++++......             (no amulet)
HPRegen  0.08/turn              l - ring of positive energy
MPRegen  0.12/turn              f - ring of positive energy

@: very quick
A: very small, unfitting armour, see invisible, speed 3, frail 1
a: Renounce Religion


You were on level 5 of the Dungeon.
You worshipped Ru.
Ru was pleased with you.
You visited 1 branch of the dungeon, and saw 5 of its levels.

You collected 173 gold pieces.

Inventory:

Hand Weapons
 a - a +1 dagger
 p - a +1 dagger of holy wrath (weapon)
Missiles
 k - 11 poisoned darts
Armour
 b - a +0 robe (worn)
Jewellery
 f - a ring of positive energy (right hand)
 l - a ring of positive energy (left hand)
 m - an amulet of reflection
Scrolls
 c - 2 scrolls of amnesia {unknown}
 g - 5 scrolls of identify {unknown}
 h - a scroll of teleportation {unknown}
 i - a scroll of enchant weapon {unknown}
 q - a scroll of blinking {unknown}
Potions
 d - a potion of brilliance {unknown}
 e - 3 potions of curing
 j - a potion of degeneration {unknown}
 n - a potion of mutation {unknown}
 o - a potion of flight {unknown}
 r - a potion of heal wounds {unknown}
 s - a potion of lignification {unknown}


   Skills:
 - Level 2.0(2.4) Short Blades
 - Level 1.5(1.8) Long Blades
 + Level 4.5 Dodging
 * Level 7.8 Stealth
 - Level 3.0 Spellcasting
 * Level 6.2 Hexes


You had 8 spell levels left.
You knew the following spells:

 Your Spells              Type           Power      Damage    Failure   Level
a - Corona                Hex            28%        N/A       1%          1
b - Ensorcelled Hibernat  Hex/Ice        28%        N/A       6%          2

Your spell library contained the following spells:

 Spells                   Type           Power      Damage    Failure   Level
 Confusing Touch          Hex            26%        N/A       3%          3
 Tukima's Dance           Hex            26%        N/A       3%          3
 Dazzling Flash           Conj/Hex       28%        N/A       13%         3


Dungeon Overview and Level Annotations

Branches:
Dungeon (5/15)
 Temple: D:4-7

Altars:
Ashenzari
Fedhas
Okawaru
Ru
Trog
Vehumet
Xom

Shops:
D:4 *

Annotations:
D:4 1 runed translucent door, srzhan31's ghost, novice DECj


Innate Abilities, Weirdness & Mutations

You are very small and have problems with some larger weapons.
You are too small for most types of armour.
You have supernaturally acute eyesight. (SInv)
You cover ground extremely quickly. (Speed+++)
You are frail. (-10% HP)


Message History

The white imp barely misses you.
Casting: Ensorcelled Hibernation (safe; 6% risk of failure)
Confirm with . or Enter, or press ? or * to list all spells.
You don't know that spell.
You hit the white imp.
The white imp convulses.
The white imp is severely wounded.
You hit the white imp but do no damage.
The white imp is severely wounded.
The white imp closely misses you.
You closely miss the white imp.
The white imp is severely wounded.
The white imp gestures at you. The puff of frost hits you!
* * * LOW HITPOINT WARNING * * *
You take 11 damage, and have 7/25 hp.
MASSIVE DAMAGE!!
You hit the white imp.
The white imp convulses.
The white imp is almost dead.
The white imp gestures at you. The puff of frost hits you.
* * * LOW HITPOINT WARNING * * *
You take 6 damage, and have 1/25 hp.
MASSIVE DAMAGE!!
You hit the white imp but do no damage.
The white imp is almost dead.
The white imp misses you.
It was a potion of curing.
You feel better. The white imp hits you. The white imp freezes you.
* * * LOW HITPOINT WARNING * * *
You regained 6 hp, and now have 7/25 hp.
You closely miss the white imp.
The white imp is almost dead.
The white imp gestures at you. The puff of frost misses you.
You hit the white imp but do no damage.
The white imp is almost dead.
The white imp completely misses you.
You hit the white imp but do no damage.
The white imp is almost dead.
The white imp gestures at you. The puff of frost hits you!
You die...

#######
#..<$.##########
#.###...@5......
#. ####.#######
.. .#.# ..# ..
#.# #.. ##. ##
... ## ....


You could see a white imp.

Vanquished Creatures
  2 scorpions (D:4)
  Jessica (D:3)
  Natasha (thrice) (D:3)
  A worker ant (D:4)
  15 adders
  4 gnolls (D:4)
  An ufetubus (D:5)
  2 oozes (D:4)
  2 worms
  3 leopard geckos
  5 orcs (D:4)
  4 giant cockroaches
  5 hobgoblins
  3 kobolds
  4 quokkas
  A ball python (D:4)
  7 bats
  2 frilled lizards
  A goblin (D:1)
  8 rats
74 creatures vanquished.

Notes
Turn   | Place    | Note
-------+----------+-------------------------------------------
     0 | D:1      | jasper the Spriggan Enchanter began the quest for the Orb.
     0 | D:1      | Reached XP level 1. HP: 9/9 MP: 5/5
   466 | D:2      | Reached XP level 2. HP: 13/13 MP: 6/6
   469 | D:2      | Learned a level 2 spell: Ensorcelled Hibernation
  1172 | D:2      | Reached XP level 3. HP: 11/16 MP: 2/8
  1173 | D:2      | Found a sacrificial altar of Ru.
  1175 | D:2      | Reached skill level 1 in Long Blades
  1175 | D:2      | Reached skill level 5 in Stealth
  1194 | D:2      | Found a bloodstained altar of Trog.
  1210 | D:2      | Found a radiant altar of Vehumet.
  1370 | D:2      | Became a worshipper of Ru the Awakened
  1534 | D:2      | Reached XP level 4. HP: 21/21 MP: 6/9
  1906 | D:3      | Noticed Natasha
  1978 | D:3      | Noticed Jessica
  1999 | D:3      | Killed Jessica
  2000 | D:3      | Reached XP level 5. HP: 24/24 MP: 3/10
  2127 | D:3      | Killed Natasha
  2128 | D:3      | Reached skill level 6 in Stealth
  2302 | D:3      | Found a blossoming altar of Fedhas.
  2395 | D:3      | Noticed Natasha
  2402 | D:3      | Killed Natasha
  2403 | D:3      | Reached skill level 5 in Hexes
  2590 | D:3      | Found a broken altar of Ashenzari.
  2625 | D:3      | Noticed Natasha
  2630 | D:3      | Killed Natasha
  2742 | D:3      | Found an iron altar of Okawaru.
  3126 | D:4      | Reached XP level 6. HP: 19/28 MP: 0/11
  3233 | D:4      | Found a runed translucent door.
  3437 | D:4      | Found a shimmering altar of Xom.
  3525 | D:4      | Reached skill level 7 in Stealth
  3673 | D:4      | Found Woduidd's Assorted Antiques.
  3697 | D:4      | Gained mutation: You are frail. (-10% HP) [Ru sacrifice]
  3697 | D:4      | Reached * piety under Ru
  3697 | D:4      | Reached ** piety under Ru
  4343 | D:4      | Noticed srzhan31's ghost (novice DECj)
  4361 | D:5      | Entered Level 5 of the Dungeon
  4387 | D:5      | HP: 1/25 [white imp/puff of frost (6)]
  4392 | D:5      | Killed from afar by a white imp

Illustrated notes

Levels and vault maps discovered:
D:1:      minmay_arrival_four_loops, layout_rooms, serial_glass,
          glass_columns_a, glass_columns_a, minmay_misc_feat_doors
D:2:      layout_basic, hangedman_ru_absence, gammafunk_temple_overflow_pools
D:3:      layout_basic, evilmike_ruin_ashenzari, marbit_many_paths,
          minmay_misc_feat_diagonals, ebering_dispersal_statue_hall,
          st_stairs_3, fedhas_ov_isle_minmay, uniq_jessica, uniq_natasha
D:4:      minmay_angry_zag, layout_basic, lemuel_round_altar,
          ebering_ghost_sewer_d, serial_shops, nicolae_shop_trees
D:5:      layout_loops_ring, minmay_temple_entry_ruins, serial_shops, shop,
          shop_fountains, shop, shop, shop

Skill      XL: |  1  2  3  4  5  6 |
---------------+-------------------+-----
Dodging        | 3 4 |  4.5
Hexes          | 4 5 6 |  6.2
Long Blades    | 1 |  1.5
Stealth        | 5 6 7 |  7.8
Spellcasting   | 3 |  3.0
Short Blades   | 2 |  2.0

Action                   |  1- 3 |  4- 6 || total
-------------------------+-------+-------++-------
Melee: Dagger            |    43 |   103 ||   146
 Cast: Corona            |     1 |       ||     1
       Ensorcelled Hiber |    16 |    66 ||    82
Invok: Sacrifice Health  |       |     1 ||     1
  Use: Potion            |       |     1 ||     1
 Stab: Sleeping          |    20 |    42 ||    62
       Distracted        |       |     1 ||     1
Armor: Robe              |     5 |     9 ||    14
Dodge: Dodged            |    25 |    83 ||   108

Table legend: (Time is in decaauts)
 A = Elapsed time spent in this place.
 B = Non-inter-level travel time spent in this place.
 C = Inter-level travel time spent in this place.
 D = Time resting spent in this place.
 E = Time spent auto-exploring this place.
 F = Levels seen in this place.
 G = Mean time per level.
                   A        B        C        D        E       F      G
               +--------+--------+--------+--------+--------+-----+--------+
         Total |   3573 |   3541 |     32 |    580 |   2392 |   5 |  714.6 |
       Dungeon |   3573 |   3541 |     32 |    580 |   2392 |   5 |  714.6 |
               +--------+--------+--------+--------+--------+-----+--------+

Top non-repeatable levels by time:
     D:4: 1166 daAuts
     D:2: 1156 daAuts
     D:3: 940 daAuts
     D:1: 283 daAuts
     D:5: 26 daAuts
